TOP OF THE 1ST |
Atlanta (MID) Braves batting - Pitching for West Virginia Power : LHP Stan Stirnweiss
|
Pitching: LHP Stan Stirnweiss
|
|
Batting: RHB Joe Young
|
0-0: Ball 1-0: Ball 2-0: Foul Ball, location: 2F 2-1: Foul Ball, location: 2F 2-2: Fly out, F9 (Line Drive, 89D, EV 111.2 MPH)
|
Batting: RHB Badr al Din Ridha
|
0-0: Ball 1-0: Called Strike 1-1: Foul Ball, location: 2F 1-2: Fly out, F8 (Flyball, 8LXD, EV 99.4 MPH)
|
Batting: LHB Art D'Ascenzo
|
0-0: Ball 1-0: Called Strike 1-1: Swinging Strike 1-2: Strikes out swinging
|
Top of the 1st over - 0 runs, 0 hits, 0 errors, 0 left on base; Atlanta (MID) 0 - West Virginia 0 |
BOTTOM OF THE 1ST |
West Virginia Power batting - Pitching for Atlanta (MID) Braves : RHP Omar Orosco
|
Pitching: RHP Omar Orosco
|
|
Batting: LHB Joe Hoover
|
0-0: Ball 1-0: Foul Ball, location: 2F 1-1: Ground out 4-3 (Groundball, 34D, EV 107.5 MPH)
|
Batting: RHB Jose Lozano
|
0-0: Swinging Strike 0-1: Ball 1-1: Called Strike 1-2: Ball 2-2: Strikes out swinging
|
Batting: RHB Freddy Quintero
|
0-0: Ball 1-0: Ground out 6-3 (Groundball, 6, EV 105.6 MPH)
|
Bottom of the 1st over - 0 runs, 0 hits, 0 errors, 0 left on base; Atlanta (MID) 0 - West Virginia 0 |
TOP OF THE 2ND |
Atlanta (MID) Braves batting - Pitching for West Virginia Power : LHP Stan Stirnweiss
|
Batting: RHB Jose Ramos
|
0-0: Ball 1-0: Ball 2-0: Called Strike 2-1: Swinging Strike 2-2: Ground out 5-3 (Groundball, 5S, EV 78.1 MPH)
|
Batting: LHB Luis Cruz
|
0-0: Ball 1-0: Ball 2-0: Ball 3-0: Called Strike 3-1: Called Strike 3-2: Foul Ball, location: 2F 3-2: Foul Ball, location: 2F 3-2: Foul Ball, location: 2F 3-2: Foul Ball, location: 2F 3-2: Fly out, F8 (Line Drive, 78D, EV 91.2 MPH)
|
Batting: RHB Brandon Burrell
|
0-0: Foul Ball, location: 2F 0-1: Called Strike 0-2: Strikes out swinging
|
Top of the 2nd over - 0 runs, 0 hits, 0 errors, 0 left on base; Atlanta (MID) 0 - West Virginia 0 |
BOTTOM OF THE 2ND |
West Virginia Power batting - Pitching for Atlanta (MID) Braves : RHP Omar Orosco
|
Batting: SHB Mike Corley
|
0-0: Foul Ball, location: 2F 0-1: Ball 1-1: DOUBLE (Line Drive, 89XD, EV 108.1 MPH)
|
Batting: LHB Donald Imre
|
0-0: Ball 1-0: Called Strike 1-1: Ball 2-1: Called Strike Mike Corley is caught stealing 3rd base 2-5 2-2: Strikes out swinging
|
Batting: RHB Richard Barrios
|
0-0: Called Strike 0-1: Ball 1-1: SINGLE (Groundball, 6D, EV 100.6 MPH)
|
Batting: RHB Tom Primmer
|
0-0: Called Strike Richard Barrios steals 2nd base 0-1: Swinging Strike 0-2: Strikes out looking
|
Bottom of the 2nd over - 0 runs, 2 hits, 0 errors, 1 left on base; Atlanta (MID) 0 - West Virginia 0 |
TOP OF THE 3RD |
Atlanta (MID) Braves batting - Pitching for West Virginia Power : LHP Stan Stirnweiss
|
Batting: RHB Mike Shook
|
0-0: Ball 1-0: Ball 2-0: Ground out 2-3 (Groundball, 13S, EV 63.1 MPH)
|
Batting: RHB Andy Cunningham
|
0-0: Foul Ball, location: 2F 0-1: Ball 1-1: Fly out, F9 (Flyball, 89M, EV 74.4 MPH)
|
Batting: SHB Ian Arlotta
|
0-0: Ball 1-0: Ball 2-0: Called Strike 2-1: Called Strike 2-2: Foul Ball, location: 2F 2-2: Foul Ball, location: 2F 2-2: Ground out 6-3 (Groundball, 6, EV 86.2 MPH)
|
Top of the 3rd over - 0 runs, 0 hits, 0 errors, 0 left on base; Atlanta (MID) 0 - West Virginia 0 |
BOTTOM OF THE 3RD |
West Virginia Power batting - Pitching for Atlanta (MID) Braves : RHP Omar Orosco
|
Batting: LHB Brandon Sarni
|
0-0: Called Strike 0-1: Ball 1-1: Foul Ball, location: 2F 1-2: Foul Ball, location: 2F 1-2: Foul Ball, location: 2F 1-2: Foul Ball, location: 2F 1-2: Foul Ball, location: 2F 1-2: Fly out, F7 (Flyball, 7S, EV 89.4 MPH)
|
Batting: RHB Steve Dennis
|
0-0: Ball 1-0: Ball 2-0: Foul Ball, location: 2F 2-1: Fly out, F9 (Line Drive, 9, EV 97.5 MPH)
|
Batting: LHB Joe Hoover
|
0-0: Ball 1-0: Ball 2-0: Called Strike 2-1: Foul Ball, location: 2F 2-2: Foul Ball, location: 2F 2-2: Foul Ball, location: 2F 2-2: Hit by Pitch
|
Batting: RHB Jose Lozano
|
0-0: Called Strike Joe Hoover is caught stealing 2nd base 2-4
|
Bottom of the 3rd over - 0 runs, 0 hits, 0 errors, 0 left on base; Atlanta (MID) 0 - West Virginia 0 |
TOP OF THE 4TH |
Atlanta (MID) Braves batting - Pitching for West Virginia Power : LHP Stan Stirnweiss
|
Batting: RHB Joe Young
|
0-0: Ball 1-0: Called Strike 1-1: Fly out, F9 (Flyball, 89D, EV 107.5 MPH)
|
Batting: RHB Badr al Din Ridha
|
0-0: DOUBLE (Line Drive, 78D, EV 110.0 MPH)
|
Batting: LHB Art D'Ascenzo
|
0-0: Called Strike 0-1: Ball 1-1: Called Strike 1-2: Ball 2-2: Ground out U3 (Groundball, 34S, EV 72.5 MPH) Badr al Din Ridha to third
|
Batting: RHB Jose Ramos
|
0-0: Ball Wild Pitch! Badr al Din Ridha scores 1-0: Foul Ball, location: 2F 1-1: Ball 2-1: Ball 3-1: Base on Balls
|
Batting: LHB Luis Cruz
|
0-0: Called Strike 0-1: Ball 1-1: Foul Ball, location: 2F 1-2: Ball 2-2: Strikes out swinging, 2-3 out at first.
|
Top of the 4th over - 1 run, 1 hit, 0 errors, 1 left on base; Atlanta (MID) 1 - West Virginia 0 |
BOTTOM OF THE 4TH |
West Virginia Power batting - Pitching for Atlanta (MID) Braves : RHP Omar Orosco
|
Batting: RHB Jose Lozano
|
0-0: Called Strike 0-1: Swinging Strike 0-2: Foul Ball, location: 2F 0-2: Strikes out swinging
|
Batting: RHB Freddy Quintero
|
0-0: Ball 1-0: Ball 2-0: Called Strike 2-1: Ball 3-1: Foul Ball, location: 2F 3-2: Fly out, F3 (Popup, 3SF, EV 79.4 MPH)
|
Batting: SHB Mike Corley
|
0-0: Ball 1-0: Foul Ball, location: 2F 1-1: Ball 2-1: Ground out 4-3 (Groundball, 4, EV 82.5 MPH)
|
Bottom of the 4th over - 0 runs, 0 hits, 0 errors, 0 left on base; Atlanta (MID) 1 - West Virginia 0 |
TOP OF THE 5TH |
Atlanta (MID) Braves batting - Pitching for West Virginia Power : LHP Stan Stirnweiss
|
Batting: RHB Brandon Burrell
|
0-0: Ball 1-0: Ball 2-0: Ground out 6-3 (Groundball, 56, EV 99.4 MPH)
|
Batting: RHB Mike Shook
|
0-0: Foul Ball, location: 2F 0-1: Foul Ball, location: 2F 0-2: Ball 1-2: Ball 2-2: Foul Ball, location: 2F 2-2: Foul Ball, location: 2F 2-2: Ground out 3-1 (Groundball, 34S, EV 78.8 MPH)
|
Batting: RHB Andy Cunningham
|
0-0: Called Strike 0-1: Ball 1-1: SINGLE (Line Drive, 7S, EV 106.2 MPH)
|
Batting: SHB Ian Arlotta
|
0-0: Fielders Choice at 2nd, 6-4 (Groundball, 6, EV 92.5 MPH)
|
Top of the 5th over - 0 runs, 1 hit, 0 errors, 1 left on base; Atlanta (MID) 1 - West Virginia 0 |
BOTTOM OF THE 5TH |
West Virginia Power batting - Pitching for Atlanta (MID) Braves : RHP Omar Orosco
|
Batting: LHB Donald Imre
|
0-0: Ball 1-0: Ball 2-0: Ball 3-0: Called Strike 3-1: Swinging Strike 3-2: Foul Ball, location: 2F 3-2: Foul Ball, location: 2F 3-2: Strikes out swinging
|
Batting: RHB Richard Barrios
|
0-0: Ground out 6-3 (Groundball, 6M, EV 81.9 MPH)
|
Batting: RHB Tom Primmer
|
0-0: Ball 1-0: Called Strike 1-1: Called Strike 1-2: Strikes out looking
|
Bottom of the 5th over - 0 runs, 0 hits, 0 errors, 0 left on base; Atlanta (MID) 1 - West Virginia 0 |
TOP OF THE 6TH |
Atlanta (MID) Braves batting - Pitching for West Virginia Power : LHP Stan Stirnweiss
|
Batting: RHB Joe Young
|
0-0: Swinging Strike 0-1: Foul Ball, location: 2F 0-2: Ball 1-2: Strikes out swinging
|
Batting: RHB Badr al Din Ridha
|
0-0: Ball 1-0: Ground out U3 (Groundball, 34S, EV 73.8 MPH)
|
Batting: LHB Art D'Ascenzo
|
0-0: Foul Ball, location: 2F 0-1: Called Strike 0-2: Ball 1-2: Ball 2-2: Ball 3-2: Strikes out swinging, 2-3 out at first.
|
Top of the 6th over - 0 runs, 0 hits, 0 errors, 0 left on base; Atlanta (MID) 1 - West Virginia 0 |
BOTTOM OF THE 6TH |
West Virginia Power batting - Pitching for Atlanta (MID) Braves : RHP Omar Orosco
|
Batting: LHB Brandon Sarni
|
0-0: Foul Ball, location: 2F 0-1: Ball 1-1: Ball 2-1: Called Strike 2-2: Ground out U3 (Groundball, 34, EV 77.5 MPH)
|
Batting: RHB Steve Dennis
|
0-0: Ball 1-0: Ball 2-0: Called Strike 2-1: Swinging Strike 2-2: Foul Ball, location: 2F 2-2: Ground out 6-3 (Groundball, 6, EV 101.2 MPH)
|
Batting: LHB Joe Hoover
|
0-0: Ball 1-0: Foul Ball, location: 2F 1-1: Swinging Strike 1-2: Fly out, F4 (Popup, 3S, EV 83.8 MPH)
|
Bottom of the 6th over - 0 runs, 0 hits, 0 errors, 0 left on base; Atlanta (MID) 1 - West Virginia 0 |
TOP OF THE 7TH |
Atlanta (MID) Braves batting - Pitching for West Virginia Power : LHP Stan Stirnweiss
|
Batting: RHB Jose Ramos
|
0-0: Called Strike 0-1: Ball 1-1: SINGLE (Groundball, 6, EV 95.6 MPH)
|
Batting: LHB Luis Cruz
|
0-0: DOUBLE (Flyball, 8RXD, EV 111.2 MPH) Jose Ramos to third
|
Batting: RHB Brandon Burrell
|
0-0: Foul Ball, location: 2F 0-1: Fly out, F8 (Flyball, 8RXD, EV 104.4 MPH) Runner from 3rd tags up, SCORES, no throw by CF
|
Batting: RHB Mike Shook
|
0-0: Ball 1-0: Ball 2-0: Ball 3-0: Called Strike 3-1: Base on Balls
|
Batting: RHB Andy Cunningham
|
0-0: Called Strike 0-1: Ball 1-1: SINGLE (Groundball, 4MD, EV 100.6 MPH) Luis Cruz to third Mike Shook to second Runner from 3rd tries for Home, SAFE, throw by CF to home
|
Batting: SHB Ian Arlotta
|
0-0: SINGLE (Flyball, 7LS, EV 93.1 MPH) Mike Shook to third Andy Cunningham to second
|
Batting: RHB Joe Young
|
0-0: Ball 1-0: Ball 2-0: Ball 3-0: Base on Balls Mike Shook scores Andy Cunningham to third Ian Arlotta to second
|
Pitching: RHP Mike Rosen
|
|
Batting: RHB Badr al Din Ridha
|
0-0: SINGLE (Line Drive, 89M, EV 93.8 MPH) Andy Cunningham scores Ian Arlotta to third Joe Young to second
|
Batting: LHB Art D'Ascenzo
|
0-0: Fly out, F3 (Line Drive, 3L, EV 61.9 MPH)
|
Batting: RHB Jose Ramos
|
0-0: Called Strike 0-1: Foul Ball, location: 2F 0-2: Ball 1-2: Ball 2-2: Ball 3-2: Strikes out swinging
|
Top of the 7th over - 4 runs, 5 hits, 0 errors, 3 left on base; Atlanta (MID) 5 - West Virginia 0 |
BOTTOM OF THE 7TH |
West Virginia Power batting - Pitching for Atlanta (MID) Braves : RHP Omar Orosco
|
Batting: RHB Jose Lozano
|
0-0: Called Strike 0-1: Foul Ball, location: 2F 0-2: SINGLE (Groundball, 56, EV 95.6 MPH)
|
Batting: RHB Freddy Quintero
|
0-0: Called Strike Jose Lozano is caught stealing 2nd base 2-4 0-1: Foul Ball, location: 2F 0-2: Foul Ball, location: 2F 0-2: Ground out 5-3 (Groundball, 56, EV 105.6 MPH)
|
Batting: SHB Mike Corley
|
0-0: Ball 1-0: Foul Ball, location: 2F 1-1: Ball 2-1: Fly out, F8 (Flyball, 8RD, EV 108.8 MPH)
|
Bottom of the 7th over - 0 runs, 1 hit, 0 errors, 0 left on base; Atlanta (MID) 5 - West Virginia 0 |
TOP OF THE 8TH |
Atlanta (MID) Braves batting - Pitching for West Virginia Power : RHP Mike Rosen
|
Batting: LHB Luis Cruz
|
0-0: Foul Ball, location: 2F 0-1: Foul Ball, location: 2F 0-2: Strikes out swinging
|
Batting: RHB Brandon Burrell
|
0-0: Ball 1-0: Ball 2-0: Fly out, F8 (Flyball, 8RXD, EV 83.8 MPH)
|
Batting: RHB Mike Shook
|
0-0: Called Strike 0-1: Swinging Strike 0-2: Ball 1-2: Ball 2-2: Strikes out swinging
|
Top of the 8th over - 0 runs, 0 hits, 0 errors, 0 left on base; Atlanta (MID) 5 - West Virginia 0 |
BOTTOM OF THE 8TH |
West Virginia Power batting - Pitching for Atlanta (MID) Braves : RHP Omar Orosco
|
Batting: LHB Donald Imre
|
0-0: Ball 1-0: Foul Ball, location: 2F 1-1: Ball 2-1: SINGLE (Line Drive, 89S, EV 98.1 MPH)
|
Batting: RHB Richard Barrios
|
0-0: Foul Ball, location: 2F 0-1: Called Strike 0-2: Ball 1-2: Strikes out swinging
|
Pitching: RHP Kevin Zika
|
|
Batting: RHB Tom Primmer
|
0-0: Called Strike 0-1: Hit by Pitch Donald Imre to second
|
Batting: LHB Brandon Sarni
|
0-0: Ball 1-0: Ball 2-0: Called Strike 2-1: Ball 3-1: Swinging Strike 3-2: Strikes out looking
|
Batting: RHB Steve Dennis
|
0-0: Ball 1-0: Foul Ball, location: 2F 1-1: Ball 2-1: Ground out 4-3 (Groundball, 4, EV 100.6 MPH)
|
Bottom of the 8th over - 0 runs, 1 hit, 0 errors, 2 left on base; Atlanta (MID) 5 - West Virginia 0 |
TOP OF THE 9TH |
Atlanta (MID) Braves batting - Pitching for West Virginia Power : RHP Mike Rosen
|
Batting: RHB Andy Cunningham
|
0-0: Called Strike 0-1: Fly out, F9 (Flyball, 89M, EV 90.6 MPH)
|
Batting: SHB Ian Arlotta
|
0-0: Ball 1-0: SINGLE (Groundball, 6M, EV 109.4 MPH) (infield hit)
|
Batting: RHB Joe Young
|
0-0: Called Strike 0-1: Ball Ian Arlotta is caught stealing 2nd base 2-4 1-1: Foul Ball, location: 2F 1-2: Ball 2-2: SINGLE (Groundball, 5S, EV 71.9 MPH) (infield hit)
|
Batting: RHB Badr al Din Ridha
|
0-0: Ball Joe Young steals 2nd base 1-0: Ball 2-0: Called Strike 2-1: Foul Ball, location: 2F 2-2: Foul Ball, location: 2F 2-2: Ball 3-2: Base on Balls
|
Batting: LHB Art D'Ascenzo
|
0-0: Foul Ball, location: 2F 0-1: Swinging Strike 0-2: Ball 1-2: Strikes out looking
|
Top of the 9th over - 0 runs, 2 hits, 0 errors, 2 left on base; Atlanta (MID) 5 - West Virginia 0 |
BOTTOM OF THE 9TH |
West Virginia Power batting - Pitching for Atlanta (MID) Braves : RHP Kevin Zika
|
Batting: LHB Joe Hoover
|
0-0: Ball 1-0: Ball 2-0: Ball 3-0: Base on Balls
|
Batting: RHB Jose Lozano
|
0-0: Called Strike 0-1: Fielders Choice at 2nd, 4-6 (Groundball, 4S, EV 93.8 MPH)
|
Batting: RHB Freddy Quintero
|
0-0: Ball 1-0: Called Strike 1-1: Ball 2-1: Foul Ball, location: 2F 2-2: Strikes out swinging
|
Batting: SHB Mike Corley
|
0-0: Ball 1-0: Ball 2-0: Fly out, F6 (Popup, 6D, EV 64.4 MPH)
|
Bottom of the 9th over - 0 runs, 0 hits, 0 errors, 1 left on base; Atlanta (MID) 5 - West Virginia 0 |
|